[Event "DVM U10 2024"]
[Site "Duesseldorf"]
[Date "2024.12.27"]
[Round "2"]
[White "Torgoev, Timur"]
[Black "Benischke, Moritz"]
[Result "0-1"]
[ECO "C58"]
[WhiteElo "1153"]
[BlackElo "1421"]
[Annotator "NA RC"]
[PlyCount "74"]
[EventDate "2024.12.23"]
[EventType "team-tourn"]
[EventRounds "7"]
[EventCountry "GER"]
[SourceTitle "playchess.com"]
[Source "ChessBase"]
[SourceQuality "1"]
[TimeControl "3300+5"]

1. e4 e5 2. Nf3 Nc6 3. Bc4 Nf6 4. Ng5 d5 5. exd5 Na5 6. Bb5+ c6 7. dxc6 bxc6 8. Bd3 Bc5 9. Nc3 Qd4 10. O-O Qd6 11. Be4 h6 12. Nf3 Qe6 13. Re1 Ba6 14. d4 Bb6 15. dxe5 Ng4 16. Nd4 Qc8 17. Bf3 h5 18. h3 Nh6 19. Bxh5 c5 20. Nb3 Nf5 21. Bf3 Rb8 22. Nd5 Bd8 23. Bd2 Nh4 24. Bxa5 Nxf3+ 25. Qxf3 Rxb3 26. Qxb3 Bxa5 27. Qa4+ Kf8 28. Qxa5 Bb7 29. Rad1 g6 30. b4 Qe6 31. Qxc5+ Kg7 32. c4 Rh5 33. Qxa7 Bc6 34. Nf6 Bxg2 35. Kxg2 Qxh3+ 36. Kg1 Rg5+ 37. Ng4 Rxg4# 0-1

[Event "DVM U10 2024"]
[Site "Duesseldorf"]
[Date "2024.12.27"]
[Round "2"]
[White "Leppin, Mattis"]
[Black "Bentele, Otto"]
[Result "1-0"]
[ECO "D55"]
[WhiteElo "1138"]
[BlackElo "1522"]
[Annotator "NA RC"]
[PlyCount "118"]
[EventDate "2024.12.23"]
[EventType "team-tourn"]
[EventRounds "7"]
[EventCountry "GER"]
[SourceTitle "playchess.com"]
[Source "ChessBase"]
[SourceQuality "1"]
[TimeControl "3300+5"]

1. d4 d5 2. c4 e6 3. Nc3 c6 4. Nf3 Nf6 5. Bg5 Be7 6. e3 h6 7. Bxf6 Bxf6 8. Bd3 O-O 9. O-O Re8 10. cxd5 cxd5 11. Re1 Qb6 12. Qc2 Nc6 13. a3 Qd8 14. Rad1 b6 15. Bb5 Bd7 16. e4 dxe4 17. Nxe4 Rc8 18. Nd6 Nxd4 19. Qd3 Nxb5 20. Nxc8 Qxc8 21. Qxd7 Qxd7 22. Rxd7 Rc8 23. a4 Rc7 24. Red1 Rc5 25. axb5 Rxb5 26. Rxa7 Rxb2 27. Rb7 b5 28. g3 b4 29. Rd3 Rb1+ 30. Kg2 e5 31. Nd2 Rb2 32. Ne4 b3 33. Nxf6+ gxf6 34. Rbxb3 Rxb3 35. Rxb3 Kg7 36. Kf3 Kg6 37. g4 f5 38. gxf5+ Kxf5 39. Rb7 f6 40. Rh7 Kg6 41. Re7 h5 42. h4 Kf5 43. Kg3 Kg6 44. f4 exf4+ 45. Kxf4 Kh6 46. Ke4 f5+ 47. Kf4 Kg6 48. Re6+ Kg7 49. Kxf5 Kf7 50. Rf6+ Ke7 51. Ke5 Kd7 52. Re6 Kc7 53. Rd6 Kc8 54. Kd5 Kc7 55. Kc5 Kb7 56. Rc6 Ka7 57. Rb6 Ka8 58. Kc6 Ka7 59. Kc7 Ka8 1-0

[Event "DVM U10 2024"]
[Site "Duesseldorf"]
[Date "2024.12.27"]
[Round "2"]
[White "Guan, Guoyou"]
[Black "Bashirova, Sona"]
[Result "0-1"]
[ECO "B22"]
[WhiteElo "1128"]
[BlackElo "1626"]
[Annotator "NA RC"]
[PlyCount "62"]
[EventDate "2024.12.23"]
[EventType "team-tourn"]
[EventRounds "7"]
[EventCountry "GER"]
[SourceTitle "playchess.com"]
[Source "ChessBase"]
[SourceQuality "1"]
[TimeControl "3300+5"]

1. e4 c5 2. Nf3 d6 3. c3 Nc6 4. d4 cxd4 5. cxd4 a6 6. Nc3 g6 7. Bc4 Bg7 8. O-O e6 9. Bf4 Nge7 10. Re1 O-O 11. h3 d5 12. Bb3 dxe4 13. Rxe4 Nf5 14. Ne2 b5 15. Rc1 Bb7 16. d5 exd5 17. Bxd5 Qb6 18. b3 Rad8 19. b4 Qa7 20. Qb3 Rxd5 21. Qxd5 Nxb4 22. Qb3 Bxe4 23. Qxb4 Bxf3 24. gxf3 Qb7 25. Qe4 Qd7 26. Rc7 Qd1+ 27. Kg2 Nh4+ 28. Kg3 Bf6 29. Bh6 Qh1 30. Bxf8 Qg2+ 31. Kf4 Qg5# 0-1

[Event "DVM U10 2024"]
[Site "Duesseldorf"]
[Date "2024.12.27"]
[Round "2"]
[White "Mayer, Frederik Eliot"]
[Black "von der Thüsen, Gottfried"]
[Result "1/2-1/2"]
[ECO "B07"]
[WhiteElo "1128"]
[BlackElo "1041"]
[Annotator "NA"]
[PlyCount "104"]
[EventDate "2024.12.23"]
[EventType "team-tourn"]
[EventRounds "7"]
[EventCountry "GER"]
[SourceTitle "playchess.com"]
[Source "ChessBase"]
[SourceQuality "1"]
[TimeControl "3300+5"]

1. e4 d6 2. Nf3 Bg4 3. Nc3 Bxf3 4. Qxf3 e5 5. Bc4 Nf6 6. d3 h6 7. Nd5 Nbd7 8. Be3 Nxd5 9. Bxd5 Nf6 10. Bxb7 Rb8 11. Bc6+ Nd7 12. b3 Qf6 13. Qg4 Rd8 14. Bxa7 d5 15. Bb8 Bd6 16. Ba7 d4 17. a4 Bb4+ 18. Ke2 Qxc6 19. f4 Qxc2+ 20. Kf3 Qxd3+ 21. Kf2 Qc2+ 22. Qe2 Qxe2+ 23. Kxe2 Ra8 24. Bxd4 exd4 25. Rhc1 Bc3 26. Ra2 Nc5 27. Rb1 d3+ 28. Ke3 d2 29. Rc2 Rd8 30. Rd1 Bd4+ 31. Kf3 Nxb3 32. Rxc7 O-O 33. Rb7 Rc8 34. Rxb3 Rc1 35. Rb1 Rfc8 36. Ke2 Rxb1 37. Rxb1 Rc1 38. Rb8+ Kh7 39. Kxd2 Rc4 40. Rb7 Rxa4 41. Rxf7 Ra2+ 42. Kd3 Bg1 43. e5 Bxh2 44. e6 Bxf4 45. e7 Ra8 46. Rf8 Bd6 47. e8=Q Rxe8 48. Rxe8 Bf4 49. Re4 Bg5 50. Ke2 Kg6 51. Rg4 h5 52. Rg3 Kh7 1/2-1/2

[Event "DVM U10 2024"]
[Site "Duesseldorf"]
[Date "2024.12.27"]
[Round "2"]
[White "Breaz, Arthur"]
[Black "Chen, Aimée"]
[Result "1/2-1/2"]
[ECO "C50"]
[WhiteElo "1123"]
[BlackElo "1090"]
[Annotator "NA RC"]
[PlyCount "111"]
[EventDate "2024.12.23"]
[EventType "team-tourn"]
[EventRounds "7"]
[EventCountry "GER"]
[SourceTitle "playchess.com"]
[Source "ChessBase"]
[SourceQuality "1"]
[TimeControl "3300+5"]

1. e4 e5 2. Nf3 Nc6 3. Bc4 Bc5 4. d3 h6 5. Nc3 Nf6 6. O-O O-O 7. Bb3 d6 8. Be3 Bb6 9. Qd2 Na5 10. Bxh6 gxh6 11. Qxh6 Nh7 12. Qg6+ Kh8 13. Qh6 Nxb3 14. axb3 Qf6 15. Qh5 Qg6 16. Qh4 Rg8 17. g3 Qg4 18. Qxg4 Bxg4 19. Nd2 c6 20. Kh1 Bh3 21. Rfe1 Raf8 22. Re2 f5 23. Rae1 fxe4 24. Ncxe4 d5 25. Nc3 Rxf2 26. Rxf2 Bxf2 27. Rxe5 Rf8 28. Rh5 Bg4 29. Rh4 Bf3+ 30. Nxf3 Rxf3 31. Rf4 Rxf4 32. gxf4 Kg7 33. Kg2 Bd4 34. Kg3 b5 35. Kg4 Bg1 36. h4 Nf6+ 37. Kg5 Be3 38. Nd1 Bd2 39. Kf5 a5 40. Kg5 a4 41. bxa4 bxa4 42. h5 Nxh5 43. Kxh5 Bxf4 44. b3 a3 45. Nc3 Bd2 46. Na2 Kf6 47. Kg4 Ke5 48. Kf3 Kd4 49. Ke2 Bc3 50. Kf3 c5 51. Ke2 c4 52. dxc4 dxc4 53. bxc4 Kxc4 54. Ke3 Bd4+ 55. Kd2 Bb2 56. Kd1 1/2-1/2

[Event "DVM U10 2024"]
[Site "Duesseldorf"]
[Date "2024.12.27"]
[Round "2"]
[White "Dres, Friedrich"]
[Black "Nune, Likhith Siddharth"]
[Result "1-0"]
[ECO "C50"]
[WhiteElo "1123"]
[BlackElo "1533"]
[Annotator "NA RC"]
[PlyCount "111"]
[EventDate "2024.12.23"]
[EventType "team-tourn"]
[EventRounds "7"]
[EventCountry "GER"]
[SourceTitle "playchess.com"]
[Source "ChessBase"]
[SourceQuality "1"]
[TimeControl "3300+5"]

1. e4 e5 2. Nf3 Nc6 3. Bc4 f5 4. d4 exd4 5. e5 Bc5 6. O-O Nge7 7. Re1 Ng6 8. Ng5 Rf8 9. e6 d5 10. Bb5 Qd6 11. Nf7 Rxf7 12. exf7+ Kxf7 13. Bxc6 Qxc6 14. Qh5 Kg8 15. Nd2 b6 16. Nf3 f4 17. Bxf4 Ba6 18. Ng5 h6 19. Re6 Qd7 20. Qxg6 hxg5 21. Bxg5 Rf8 22. Rae1 Qb5 23. Bh6 Rf7 24. Rf6 Qd7 25. Qxf7+ Qxf7 26. Rxf7 Kxf7 27. Bf4 Bd6 28. Bxd6 cxd6 29. Rd1 Bc4 30. b3 Be2 31. Rxd4 Ke6 32. c4 Kf6 33. Rxd5 Ke6 34. Rd4 Bh5 35. f3 Bg6 36. Rd1 a5 37. g4 Kd7 38. h4 Bf7 39. h5 Kc6 40. Kg2 b5 41. cxb5+ Kxb5 42. Rxd6 Kc5 43. Rd7 Be6 44. Rxg7 a4 45. h6 Bxb3 46. axb3 axb3 47. h7 b2 48. Rb7 b1=Q 49. Rxb1 Kd5 50. h8=Q Kd6 51. Qh5 Ke6 52. Rb6+ Kd7 53. Qf7+ Kc8 54. Rc6+ Kb8 55. Qd7 Ka8 56. Rc8# 1-0

[Event "DVM U10 2024"]
[Site "Duesseldorf"]
[Date "2024.12.27"]
[Round "2"]
[White "Artarov, Rina"]
[Black "Hantke, Florian"]
[Result "1-0"]
[ECO "D37"]
[WhiteElo "1122"]
[BlackElo "1517"]
[Annotator "NA RC"]
[PlyCount "54"]
[EventDate "2024.12.23"]
[EventType "team-tourn"]
[EventRounds "7"]
[EventCountry "GER"]
[SourceTitle "playchess.com"]
[Source "ChessBase"]
[SourceQuality "1"]
[TimeControl "3300+5"]

1. d4 d5 2. c4 e6 3. Nc3 Nf6 4. Bf4 c6 5. Nf3 Be7 6. e3 O-O 7. Qc2 Re8 8. Bd3 Nbd7 9. O-O Nf8 10. Ne5 N8d7 11. c5 b6 12. Nxc6 bxc5 13. Nxd8 Rxd8 14. Nb5 a6 15. Nc7 Ra7 16. Rac1 Nh5 17. Bxh7+ Kf8 18. dxc5 Nxf4 19. exf4 Rxc7 20. c6 Nf6 21. Bd3 Rd6 22. Qa4 d4 23. Bxa6 Bxa6 24. Qxa6 Nd5 25. Qa5 Bd8 26. Qc5 Be7 27. Qxd4 Bf6 1-0

[Event "DVM U10 2024"]
[Site "Duesseldorf"]
[Date "2024.12.27"]
[Round "2"]
[White "Goyush, Shams"]
[Black "Pardo Lorz, Noah"]
[Result "1-0"]
[ECO "C50"]
[WhiteElo "1122"]
[BlackElo "1067"]
[Annotator "NA RC"]
[PlyCount "23"]
[EventDate "2024.12.23"]
[EventType "team-tourn"]
[EventRounds "7"]
[EventCountry "GER"]
[SourceTitle "playchess.com"]
[Source "ChessBase"]
[SourceQuality "1"]
[TimeControl "3300+5"]

1. e4 e5 2. Nf3 Nc6 3. Bc4 Nf6 4. d3 Bc5 5. Nc3 d6 6. Bg5 Bg4 7. Nd5 Bxf3 8. Qxf3 h6 9. Nxf6+ Kf8 10. Nh7+ Rxh7 11. Bxd8 Rxd8 12. Qxf7# 1-0

[Event "DVM U10 2024"]
[Site "Duesseldorf"]
[Date "2024.12.27"]
[Round "2"]
[White "Luible, Sebastian"]
[Black "Estrin, Boris"]
[Result "1-0"]
[ECO "D02"]
[WhiteElo "1104"]
[BlackElo "1338"]
[Annotator "NA RC"]
[PlyCount "77"]
[EventDate "2024.12.23"]
[EventType "team-tourn"]
[EventRounds "7"]
[EventCountry "GER"]
[SourceTitle "playchess.com"]
[Source "ChessBase"]
[SourceQuality "1"]
[TimeControl "3300+5"]

1. d4 d5 2. Nf3 Bf5 3. e3 Nc6 4. Bd3 Bg6 5. c3 Nf6 6. O-O Qd6 7. b3 O-O-O 8. Ba3 Qd7 9. Bxg6 hxg6 10. h3 e6 11. b4 Bd6 12. Nbd2 Rh5 13. Bb2 Rdh8 14. Ne5 Nxe5 15. dxe5 Bxe5 16. f4 Bd6 17. a3 e5 18. Qf3 e4 19. Qg3 g5 20. c4 c6 21. c5 Bc7 22. Bxf6 gxf6 23. Rad1 Qd8 24. Nxe4 gxf4 25. exf4 Rg8 26. Qf3 Rgh8 27. Ng3 R5h7 28. b5 Rg8 29. bxc6 Rhg7 30. cxb7+ Kb8 31. Rxd5 Qe7 32. Nf5 Rxg2+ 33. Kh1 Qe6 34. Nd4 Qa6 35. Re1 Qa5 36. Nc6+ Kxb7 37. Nxa5+ Bxa5 38. Rd6+ Kb8 39. Rb1+ 1-0

[Event "DVM U10 2024"]
[Site "Duesseldorf"]
[Date "2024.12.27"]
[Round "2"]
[White "Haberger, Nino"]
[Black "Graf, Tom"]
[Result "0-1"]
[ECO "C50"]
[WhiteElo "1098"]
[BlackElo "1456"]
[Annotator "NA RC"]
[PlyCount "78"]
[EventDate "2024.12.23"]
[EventType "team-tourn"]
[EventRounds "7"]
[EventCountry "GER"]
[SourceTitle "playchess.com"]
[Source "ChessBase"]
[SourceQuality "1"]
[TimeControl "3300+5"]

1. e4 e5 2. Bc4 Nf6 3. d3 Nc6 4. Nf3 Bc5 5. O-O d6 6. Nc3 Bg4 7. Be3 Bb6 8. Re1 O-O 9. Qe2 Qe7 10. Rad1 Rfe8 11. h3 Bh5 12. a3 Rad8 13. Nd5 Nxd5 14. Bxd5 Bxe3 15. Bxc6 bxc6 16. Qxe3 c5 17. Rd2 Qd7 18. b3 Re6 19. Nh4 Rde8 20. Qg5 Bg6 21. Kh2 h6 22. Qe3 Rf6 23. a4 Ree6 24. g3 d5 25. Qxc5 d4 26. Qxa7 Bh7 27. Qa8+ Re8 28. Qa5 g5 29. Ng2 Rg6 30. Qb4 g4 31. h4 f5 32. Qc4+ Kh8 33. exf5 Rf6 34. Kg1 Bg8 35. Qb4 Qxf5 36. Qb7 Ref8 37. Rf1 c6 38. a5 Bd5 39. a6 Qf3 0-1

[Event "DVM U10 2024"]
[Site "Duesseldorf"]
[Date "2024.12.27"]
[Round "2"]
[White "Golnik, Rasmus"]
[Black "Kinateder, Vitus"]
[Result "0-1"]
[ECO "C66"]
[WhiteElo "1087"]
[BlackElo "1605"]
[Annotator "NA RC"]
[PlyCount "112"]
[EventDate "2024.12.23"]
[EventType "team-tourn"]
[EventRounds "7"]
[EventCountry "GER"]
[SourceTitle "playchess.com"]
[Source "ChessBase"]
[SourceQuality "1"]
[TimeControl "3300+5"]

1. e4 e5 2. Nf3 Nc6 3. Bb5 d6 4. d4 Bd7 5. Nc3 Nf6 6. O-O a6 7. Bc4 h6 8. h3 Ne7 9. dxe5 dxe5 10. Nxe5 Be6 11. Bxe6 fxe6 12. Bf4 Qxd1 13. Raxd1 g5 14. Be3 Bg7 15. Bc5 Nxe4 16. Bxe7 Nxc3 17. bxc3 Bxe5 18. Rfe1 Bxc3 19. Rxe6 Kf7 20. Re3 Ba5 21. Rd5 Bb6 22. Re2 Rae8 23. Rf5+ Kg6 24. Rf6+ Kg7 25. c3 Rxe7 26. Rxe7+ Kxf6 27. Re2 Rd8 28. a4 Rd3 29. Rc2 Ba5 30. c4 Rc3 31. Rxc3 Bxc3 32. Kf1 Ke5 33. Ke2 Kd4 34. g3 Kxc4 35. f4 gxf4 36. gxf4 Kd5 37. Kd3 Bf6 38. Ke3 Ke6 39. Ke4 Bc3 40. h4 h5 41. f5+ Kf6 42. Kf4 Be1 43. Ke4 Bxh4 44. Kf4 Be1 45. Ke4 h4 46. Kf3 Kxf5 47. Kg2 b5 48. axb5 axb5 49. Kh3 b4 50. Kg2 b3 51. Kh3 b2 52. Kg2 b1=Q 53. Kh3 Qd3+ 54. Kh2 Bg3+ 55. Kg1 Qe2 56. Kh1 Qh2# 0-1

[Event "DVM U10 2024"]
[Site "Duesseldorf"]
[Date "2024.12.27"]
[Round "2"]
[White "Städler, Jannis"]
[Black "Satheesh, Yazhini"]
[Result "1-0"]
[ECO "C55"]
[WhiteElo "1082"]
[BlackElo "1023"]
[Annotator "NA"]
[PlyCount "141"]
[EventDate "2024.12.23"]
[EventType "team-tourn"]
[EventRounds "7"]
[EventCountry "GER"]
[SourceTitle "playchess.com"]
[Source "ChessBase"]
[SourceQuality "1"]
[TimeControl "3300+5"]

1. e4 e5 2. Nf3 Nc6 3. Bc4 Bc5 4. d3 Nf6 5. Ng5 O-O 6. Nc3 d6 7. Nf3 h6 8. h3 Bd7 9. Qe2 Qe7 10. Be3 Bb6 11. Bxb6 axb6 12. O-O Be6 13. Nd5 Qd8 14. a3 Bd7 15. b4 Nxd5 16. exd5 Ne7 17. Rfe1 Ng6 18. d4 exd4 19. Nxd4 Qg5 20. Nf3 Qf6 21. Qd3 Nf4 22. Qd4 Qxd4 23. Nxd4 Rfe8 24. Ne2 Nxe2+ 25. Rxe2 Rxe2 26. Bxe2 Re8 27. Kf1 Kf8 28. c4 Bf5 29. Rc1 Be4 30. f3 Bg6 31. c5 dxc5 32. bxc5 bxc5 33. Rxc5 Rc8 34. d6 c6 35. Rc1 Rd8 36. Rd1 Ke8 37. f4 Kf8 38. h4 Bf5 39. g4 Bh7 40. g5 hxg5 41. fxg5 Bg8 42. h5 Bh7 43. Kf2 Ke8 44. a4 Bc2 45. Rd4 Bh7 46. a5 Kf8 47. Kf3 Ke8 48. Kf4 Kf8 49. a6 bxa6 50. Bxa6 c5 51. Rd5 c4 52. Bxc4 Ke8 53. Bb5+ Kf8 54. Re5 g6 55. d7 gxh5 56. Re8+ Rxe8 57. dxe8=Q+ Kg7 58. Bc4 Bg6 59. Qe5+ Kf8 60. Qd6+ Kg7 61. Bd3 Bxd3 62. Qxd3 h4 63. Qh3 f6 64. Qxh4 fxg5+ 65. Qxg5+ Kf7 66. Qh6 Ke7 67. Ke5 Kd7 68. Qd6+ Ke8 69. Qc7 Kf8 70. Kf6 Kg8 71. Qg7# 1-0

[Event "DVM U10 2024"]
[Site "Duesseldorf"]
[Date "2024.12.27"]
[Round "2"]
[White "Brakhane, Justus"]
[Black "Steffen, Leon"]
[Result "1-0"]
[ECO "C47"]
[WhiteElo "1068"]
[BlackElo "1058"]
[Annotator "NA RC"]
[PlyCount "81"]
[EventDate "2024.12.23"]
[EventType "team-tourn"]
[EventRounds "7"]
[EventCountry "GER"]
[SourceTitle "playchess.com"]
[Source "ChessBase"]
[SourceQuality "1"]
[TimeControl "3300+5"]

1. e4 e5 2. Nf3 Nc6 3. d4 Nf6 4. Nc3 d6 5. dxe5 dxe5 6. Qxd8+ Nxd8 7. Nxe5 Bb4 8. Bd2 Bxc3 9. Bxc3 Nxe4 10. Bb4 c5 11. Ba3 O-O 12. f3 b5 13. Bxb5 Nd6 14. Bxc5 N8b7 15. Bxd6 Nxd6 16. Bc6 Rb8 17. O-O-O Nf5 18. Bd7 Ne3 19. Rd2 Rb6 20. Re1 Ra6 21. Rxe3 Rxa2 22. Rdd3 Ba6 23. Ra3 Rxa3 24. Rxa3 Bc8 25. Bxc8 Rxc8 26. Rxa7 f6 27. Nd7 Re8 28. Kd2 Rd8 29. c4 Kf7 30. Kc3 Ke6 31. Nc5+ Kd6 32. Nb7+ Kc7 33. Nxd8+ Kxd8 34. Rxg7 Ke8 35. Rxh7 Kf8 36. c5 Ke8 37. c6 Kd8 38. Kd4 Kc8 39. Kd5 Kd8 40. Kd6 Kc8 41. Rh8# 1-0

[Event "DVM U10 2024"]
[Site "Duesseldorf"]
[Date "2024.12.27"]
[Round "2"]
[White "Saloum, Michael"]
[Black "Peters, Leopold"]
[Result "1-0"]
[ECO "C00"]
[WhiteElo "1067"]
[BlackElo "1701"]
[Annotator "NA RC"]
[PlyCount "41"]
[EventDate "2024.12.23"]
[EventType "team-tourn"]
[EventRounds "7"]
[EventCountry "GER"]
[SourceTitle "playchess.com"]
[Source "ChessBase"]
[SourceQuality "1"]
[TimeControl "3300+5"]

1. e4 e6 2. Nf3 d5 3. Nc3 Nf6 4. d3 Bb4 5. Bd2 O-O 6. g3 Bxc3 7. Bxc3 dxe4 8. Bxf6 Qxf6 9. dxe4 Rd8 10. Bd3 Qxb2 11. O-O Nc6 12. e5 b6 13. Re1 Bb7 14. Ng5 h6 15. Nf3 Rd7 16. Bh7+ Kxh7 17. Qxd7 Rc8 18. Qxf7 Qc3 19. Nh4 Nxe5 20. Qxe6 Ng4 21. Nf3 1-0

[Event "DVM U10 2024"]
[Site "Duesseldorf"]
[Date "2024.12.27"]
[Round "2"]
[White "Bauta, Luan"]
[Black "Kukhtichev, Maksim"]
[Result "1/2-1/2"]
[ECO "C54"]
[WhiteElo "1063"]
[BlackElo "1639"]
[Annotator "NA RC"]
[PlyCount "95"]
[EventDate "2024.12.23"]
[EventType "team-tourn"]
[EventRounds "7"]
[EventCountry "GER"]
[SourceTitle "playchess.com"]
[Source "ChessBase"]
[SourceQuality "1"]
[TimeControl "3300+5"]

1. e4 e5 2. Nf3 Nc6 3. Bc4 Bc5 4. c3 Nf6 5. d4 exd4 6. cxd4 Bb4+ 7. Bd2 Bxd2+ 8. Nbxd2 O-O 9. O-O d6 10. Re1 Bg4 11. h3 Bh5 12. Nf1 Bxf3 13. Qxf3 Nxd4 14. Qd3 Nc6 15. Rad1 Ne5 16. Qe2 Nxc4 17. Qxc4 Re8 18. Ng3 Nd7 19. Qc3 Nb6 20. Nf5 f6 21. Qg3 g6 22. Nh6+ Kg7 23. Nf5+ Kf8 24. Nh6 Qd7 25. Qh4 Qg7 26. Ng4 Nd7 27. Re3 Re7 28. Rde1 Ne5 29. Nxe5 dxe5 30. Rf3 Re6 31. Rd1 Ke7 32. Rd5 Rd8 33. Rxd8 Kxd8 34. Rd3+ Rd6 35. Rxd6+ cxd6 36. Qg3 Qf7 37. Qa3 Qc7 38. Qxa7 Qc1+ 39. Kh2 Qxb2 40. Qb8+ Kd7 41. Qh8 Qxf2 42. Qxh7+ Ke6 43. Qxg6 Qf4+ 44. Kh1 Kd7 45. Qf7+ Kc6 46. Qd5+ Kc7 47. Qf7+ Kb8 48. Qe8+ 1/2-1/2

[Event "DVM U10 2024"]
[Site "Duesseldorf"]
[Date "2024.12.27"]
[Round "2"]
[White "Hornych, Fridtjof"]
[Black "Stopp, Bruno"]
[Result "0-1"]
[ECO "C60"]
[WhiteElo "1053"]
[BlackElo "1519"]
[Annotator "NA RC"]
[PlyCount "74"]
[EventDate "2024.12.23"]
[EventType "team-tourn"]
[EventRounds "7"]
[EventCountry "GER"]
[SourceTitle "playchess.com"]
[Source "ChessBase"]
[SourceQuality "1"]
[TimeControl "3300+5"]

1. e4 e5 2. Nf3 Nc6 3. Bb5 Nge7 4. O-O g6 5. Nc3 Bg7 6. d3 O-O 7. Be3 d5 8. Bxc6 bxc6 9. exd5 cxd5 10. d4 exd4 11. Bxd4 Bg4 12. Bxg7 Kxg7 13. Qd4+ Kg8 14. Qxg4 Rb8 15. Rab1 c5 16. Ne2 Rb4 17. Qh3 Nf5 18. Ng3 Nd4 19. Nxd4 Rxd4 20. Ne2 Rd2 21. Qf3 Re8 22. Ng3 Rxc2 23. Rfd1 d4 24. Ne4 f5 25. Ng3 c4 26. Rbc1 Rxc1 27. Rxc1 d3 28. Nf1 Re2 29. Nd2 Rxd2 30. b3 Rc2 31. Rd1 c3 32. h3 d2 33. Kf1 Rc1 34. Ke2 c2 35. Rxd2 Re1+ 36. Kxe1 c1=Q+ 37. Rd1 Qdd2+ 0-1

[Event "DVM U10 2024"]
[Site "Duesseldorf"]
[Date "2024.12.27"]
[Round "2"]
[White "Hübner, Jakob"]
[Black "Naveen, Yuvaan"]
[Result "1-0"]
[ECO "A48"]
[WhiteElo "1045"]
[BlackElo "1110"]
[Annotator "NA RC"]
[PlyCount "157"]
[EventDate "2024.12.23"]
[EventType "team-tourn"]
[EventRounds "7"]
[EventCountry "GER"]
[SourceTitle "playchess.com"]
[Source "ChessBase"]
[SourceQuality "1"]
[TimeControl "3300+5"]

1. d4 Nf6 2. Nf3 g6 3. Bf4 Bg7 4. e3 d6 5. Be2 Bg4 6. h3 Bxf3 7. Bxf3 Nbd7 8. Bxb7 Rb8 9. Bc6 O-O 10. c4 e5 11. dxe5 dxe5 12. Bh2 Rb6 13. Bb5 a6 14. Ba4 Rd6 15. Qc2 Nc5 16. Nc3 Nd3+ 17. Ke2 Nb4 18. Qb3 Rd2+ 19. Ke1 Nd3+ 20. Kf1 Rxf2+ 21. Kg1 Qa8 22. Nd5 e4 23. Nxc7 Qa7 24. Re1 Nxe1 25. Kxf2 Nd3+ 26. Ke2 Nc5 27. Qa3 Nd3 28. Bc2 Rd8 29. Qe7 Rd7 30. Qa3 Rxc7 31. Bxc7 Qxc7 32. Bxd3 exd3+ 33. Qxd3 Qd7 34. Qxd7 Nxd7 35. b4 Kf8 36. c5 Ke8 37. Rc1 Kd8 38. a4 Kc8 39. b5 axb5 40. axb5 Be5 41. c6 Nb6 42. Kd3 Kc7 43. Ke4 f6 44. Rc2 Kd6 45. c7 Kd7 46. Rc6 Bxc7 47. Rxf6 Nc4 48. Kd4 Be5+ 49. Kxc4 Bxf6 50. Kc5 Kc7 51. b6+ Kb7 52. e4 Bd8 53. e5 Bxb6+ 54. Kd6 Kc8 55. Kc6 Bc7 56. e6 Kd8 57. e7+ Kxe7 58. Kxc7 Kf6 59. Kd6 h5 60. g3 g5 61. Kd5 Kf5 62. Kd4 g4 63. h4 Kg6 64. Ke4 Kf6 65. Kf4 Kg6 66. Ke5 Kf7 67. Kf5 Ke7 68. Kg5 Ke6 69. Kxh5 Kf5 70. Kh6 Ke4 71. Kg5 Kf3 72. h5 Kxg3 73. h6 Kh3 74. h7 g3 75. h8=Q+ Kg2 76. Kf4 Kf2 77. Qb2+ Kg1 78. Kxg3 Kf1 79. Qf2# 1-0

[Event "DVM U10 2024"]
[Site "Duesseldorf"]
[Date "2024.12.27"]
[Round "2"]
[White "Pahl, Eirik"]
[Black "Widlitzek, Philipp"]
[Result "1-0"]
[ECO "D06"]
[WhiteElo "1010"]
[BlackElo "860"]
[Annotator "NA RC"]
[PlyCount "129"]
[EventDate "2024.12.23"]
[EventType "team-tourn"]
[EventRounds "7"]
[EventCountry "GER"]
[SourceTitle "playchess.com"]
[Source "ChessBase"]
[SourceQuality "1"]
[TimeControl "3300+5"]

1. d4 d5 2. c4 Nf6 3. cxd5 Nxd5 4. e4 Nf6 5. Nc3 Nc6 6. Nf3 Bg4 7. d5 Ne5 8. Be2 e6 9. Nxe5 Bxe2 10. Qxe2 Bb4 11. Qb5+ c6 12. Qxb4 exd5 13. Qxb7 O-O 14. Qxc6 dxe4 15. O-O Qd4 16. Nc4 Rac8 17. Rd1 Qxd1+ 18. Nxd1 Rxc6 19. Ne5 Rd6 20. Bf4 Rfd8 21. Nc3 Nd5 22. Nxf7 Kxf7 23. Bxd6 Nxc3 24. bxc3 Rxd6 25. g3 Rc6 26. Re1 Rc4 27. Rd1 Rxc3 28. Rd7+ Kf6 29. Rxa7 h5 30. Ra4 Kf5 31. Ra5+ Kg4 32. Ra7 g5 33. Kg2 h4 34. h3+ Kf5 35. g4+ Kf4 36. Ra5 e3 37. fxe3+ Rxe3 38. Rf5+ Ke4 39. a4 Rg3+ 40. Kh2 Ra3 41. Rxg5 Rxa4 42. Rh5 Ra2+ 43. Kg1 Kf3 44. Rf5+ Kg3 45. Rf1 Rg2+ 46. Kh1 Kxh3 47. Rf3+ Rg3 48. Rxg3+ hxg3 49. g5 Kg4 50. g6 Kf3 51. Kg1 g2 52. g7 Kg3 53. g8=Q+ Kf3 54. Qxg2+ Ke3 55. Qg4 Kd3 56. Qf4 Ke2 57. Qg3 Kd2 58. Qf3 Ke1 59. Qf2+ Kd1 60. Kg2 Kc1 61. Kf3 Kd1 62. Ke3 Kc1 63. Kd3 Kb1 64. Kc3 Ka1 65. Qb2# 1-0

[Event "DVM U10 2024"]
[Site "Duesseldorf"]
[Date "2024.12.27"]
[Round "2"]
[White "Glaser-Gallion, Leonas"]
[Black "Nordmann, Vigo"]
[Result "1/2-1/2"]
[ECO "D00"]
[WhiteElo "1000"]
[BlackElo "831"]
[Annotator "NA RC"]
[PlyCount "101"]
[EventDate "2024.12.23"]
[EventType "team-tourn"]
[EventRounds "7"]
[EventCountry "GER"]
[SourceTitle "playchess.com"]
[Source "ChessBase"]
[SourceQuality "1"]
[TimeControl "3300+5"]

1. d4 Nf6 2. Nc3 d5 3. Bf4 e6 4. e3 Bb4 5. a3 Ba5 6. b4 Bb6 7. a4 a5 8. b5 O-O 9. Bd3 c6 10. Nf3 cxb5 11. Nxb5 Qe7 12. Bd6 Qe8 13. Bxf8 Qxf8 14. O-O Nc6 15. Qe2 Nb4 16. Rab1 Bd7 17. Na3 Bxa4 18. c3 Na2 19. Qxa2 Bc7 20. Rxb7 Bd6 21. Rfb1 Bxa3 22. Ba6 Rxa6 23. Rb8 Be8 24. Ne5 Bd6 25. Qe2 Ra7 26. Nc6 Rc7 27. Nxa5 Rxc3 28. R8b3 Rc8 29. Qa6 Rc2 30. Rb6 Ba3 31. R1b3 Rc1+ 32. Qf1 Rxf1+ 33. Kxf1 Bc1 34. Rb8 Bd2 35. Nc6 h6 36. Rc8 Kh7 37. Ne5 Qd6 38. Rb5 Bxb5+ 39. Kg1 Qa3 40. h4 Qa1+ 41. Kh2 Qf1 42. Rc2 Qxf2 43. Nf3 Qxe3 44. Rxd2 Qf4+ 45. Kg1 Ne4 46. Rc2 Qe3+ 47. Kh1 Ng3+ 48. Kh2 Qf4 49. Rf2 Nf1+ 50. Kg1 Ne3 51. Ng5+ 1/2-1/2

[Event "DVM U10 2024"]
[Site "Duesseldorf"]
[Date "2024.12.27"]
[Round "2"]
[White "Horn, Philipp"]
[Black "Dintinger, Ata Lucien"]
[Result "1/2-1/2"]
[ECO "C47"]
[WhiteElo "988"]
[BlackElo "1511"]
[Annotator "NA RC"]
[PlyCount "155"]
[EventDate "2024.12.23"]
[EventType "team-tourn"]
[EventRounds "7"]
[EventCountry "GER"]
[SourceTitle "playchess.com"]
[Source "ChessBase"]
[SourceQuality "1"]
[TimeControl "3300+5"]

1. e4 e5 2. Nf3 Nc6 3. d4 exd4 4. Nxd4 Nf6 5. Nc3 Bb4 6. Nxc6 bxc6 7. Bd3 d5 8. exd5 cxd5 9. O-O O-O 10. Bg5 c6 11. Qf3 Be7 12. Rfe1 Be6 13. Ne2 Rb8 14. b3 Re8 15. Nf4 Bg4 16. Qg3 h6 17. Bxf6 Bxf6 18. Qxg4 Bxa1 19. Rxa1 Qf6 20. Rf1 Re7 21. Nh5 Qc3 22. h3 Rbe8 23. a4 Re1 24. Rxe1 Rxe1+ 25. Bf1 Re4 26. Qc8+ Kh7 27. Bd3 Qa1+ 28. Kh2 Qe5+ 29. Ng3 h5 30. Bxe4+ dxe4 31. Qf5+ Qxf5 32. Nxf5 Kg6 33. Ne3 f5 34. Kg3 Kf6 35. Kf4 g5+ 36. Kg3 f4+ 37. Kh2 fxe3 38. fxe3 h4 39. g4 Ke5 40. Kg2 Kd5 41. Kf2 Kc5 42. Ke2 Kb4 43. Kd2 a5 44. Kc1 Kc3 45. Kb1 Kd2 46. b4 Kxe3 47. b5 cxb5 48. axb5 Kd2 49. b6 e3 50. b7 e2 51. b8=Q e1=Q+ 52. Ka2 Qe6+ 53. Kb1 Qe1+ 54. Ka2 Kxc2 55. Qb3+ Kd2 56. Qd5+ Kc2 57. Qb3+ Kd2 58. Qd5+ Ke2 59. Qxg5 Kf3 60. Qf5+ Kg3 61. g5 Qd2+ 62. Kb3 Qb4+ 63. Ka2 a4 64. Qg4+ Qxg4 65. hxg4 h3 66. g6 h2 67. g7 h1=Q 68. g8=Q Qc1 69. Qg7 Qc2+ 70. Qb2 Qc4+ 71. Ka3 Qxg4 72. Qb4 Qf3+ 73. Kxa4 Qa8+ 74. Qa5 Qe8+ 75. Qb5 Qe4+ 76. Qb4 Qc2+ 77. Qb3+ Qxb3+ 78. Kxb3 1/2-1/2